 Dungeon Crawl Stone Soup version 0.28-a0-980-g3664467d6e (webtiles) character file.

Game seed: 6852183771138101069

253 Aksej the Slasher (level 5, 0/41 HPs)
             Began as a Demonspawn Gladiator on Dec 2, 2021.
             Slain by a kobold (1 damage)
             ... on level 3 of the Dungeon.
             The game lasted 00:05:56 (3270 turns).

Aksej the Slasher (Demonspawn Gladiator)            Turns: 3270, Time: 00:05:56

Health: 0/41       AC:  6    Str: 14    XL:     5   Next: 90%
Magic:  5/5        EV: 13    Int:  9    God:
Gold:   153        SH:  5    Dex: 17    Spells: 4/4 levels left

rFire   . . .      SeeInvis .   a - +0 long sword
rCold   . . .      Faith    .   (no shield)
rNeg    . . .      Spirit   .   b - +0 leather armour
rPois   .          Reflect  +   c - +0 helmet
rElec   .          Harm     .   l - +1 cloak
rCorr   .          Rampage  .   (no gloves)
Will    .....                   (no boots)
Stlth   ++........              f - amulet of reflection
HPRegen 0.13/turn               (no ring)
MPRegen 0.09/turn               (no ring)

@: mighty, lethally poisoned (0 -> -5), attractive
A: ignite blood 1, weakness stinger 1
a: no special abilities


You were on level 3 of the Dungeon.
You visited 1 branch of the dungeon, and saw 3 of its levels.

You collected 153 gold pieces.

Inventory:

Hand Weapons
 a - a +0 long sword (weapon)
Missiles
 g - a throwing net (quivered)
 k - 3 boomerangs
Armour
 b - a +0 leather armour (worn)
 c - a +0 helmet (worn)
 l - a +1 cloak (worn)
Jewellery
 f - an amulet of reflection (around neck)
Scrolls
 h - 2 scrolls of identify
Potions
 d - a potion of brilliance
 j - a potion of cancellation {unknown}


   Skills:
 * Level 3.3 Fighting
 + Level 3.9 Long Blades
 + Level 1.7 Throwing
 + Level 2.1 Armour
 * Level 3.7 Dodging
 + Level 1.1 Stealth
 + Level 0.4 Shields


You had 4 spell levels left.
You didn't know any spells.
Your spell library contained the following spells:

 Spells                   Type           Power      Damage    Failure   Level
 Sublimation of Blood     Necr           0%         N/A       58%         2
 Wereblood                Tmut           0%         N/A       58%         2
 Summon Hydra             Summ           0%         N/A       100%        7


Dungeon Overview and Level Annotations

Branches:
Dungeon (3/15)

Altars:


Innate Abilities, Weirdness & Mutations

Your demonic aura sometimes causes spilled blood to erupt in flames.
You have a small tail.


Message History

You hit the kobold brigand but do no damage.
The kobold brigand is almost dead.
You feel sick.
The kobold brigand hits you but does no damage.
You block the kobold's attack.
You closely miss the kobold brigand.
The kobold brigand is almost dead.
You feel sick.
You are no longer poisoned.
The kobold brigand hits you with a +0 club.
The kobold hits you but does no damage.
You are poisoned.
You hit the kobold brigand.
You kill the kobold brigand!
You feel sick.
The kobold hits you with a +2 dagger of venom.
You are lethally poisoned!
Your Armour skill increases to level 2!
You closely miss the kobold.
* * * LOW HITPOINT WARNING * * *
You feel very sick. The kobold hits you but does no damage.
It was a potion of might.
You feel very mighty all of a sudden.
* * * LOW HITPOINT WARNING * * *
You feel very sick. The kobold barely misses you.
You closely miss the kobold.
* * * LOW HITPOINT WARNING * * *
You feel very sick. The kobold barely misses you.
The kobold closely misses you.
You barely miss the kobold.
* * * LOW HITPOINT WARNING * * *
You feel sick. The kobold closely misses you.
It was a potion of attraction.
You feel attractive to monsters.
* * * LOW HITPOINT WARNING * * *
You feel sick.
The kobold hits you with a +2 dagger of venom.
You die...

########## #...†....#
#.######.# #.# #.# #.#
#.##### #.# ###.....###
#########.#...######.#..
......)@................
.######K..#...######.#..
#.###...# #.#.. ... ..#
#.#.. .... ..# #.#..
.....# .# #..(. ......#
.# ###.. #####... #..
##.


You could see a kobold.

Vanquished Creatures
  A kobold brigand (D:3)
  An orc priest (D:3)
  Terence (D:3)
  An orc wizard (D:3)
  5 adders
  A worm (D:2)
  A dart slug (D:2)
  2 orcs (D:3)
  3 endoplasms
  4 goblins
  3 hobgoblins
  7 jackals
  4 quokkas
  4 ball pythons
  3 bats (D:1)
  A frilled lizard (D:2)
  7 kobolds
  3 rats
52 creatures vanquished.

Vanquished Creatures (collateral kills)
  An adder (D:2)
1 creature vanquished.

Grand Total: 53 creatures vanquished

Notes
Turn   | Place    | Note
-------+----------+-------------------------------------------
     0 | D:1      | Aksej the Demonspawn Gladiator began the quest for the Orb.
     0 | D:1      | Reached XP level 1. HP: 16/16 MP: 1/1
   555 | D:1      | Gained mutation: You have a small tail. [demonic ancestry]
   555 | D:1      | Reached XP level 2. HP: 22/22 MP: 2/2
  1487 | D:2      | Reached XP level 3. HP: 27/27 MP: 3/3
  1488 | D:2      | Found a faded altar of an unknown god.
  2310 | D:2      | Reached skill level 1 in Armour
  2438 | D:2      | Gained mutation: Your demonic aura sometimes causes spilled
                  | blood to erupt in flames. [demonic ancestry]
  2438 | D:2      | Reached XP level 4. HP: 8/34 MP: 4/4
  2822 | D:3      | Noticed Terence
  2835 | D:3      | Killed Terence
  2836 | D:3      | Reached skill level 1 in Stealth
  3070 | D:3      | Reached XP level 5. HP: 33/41 MP: 5/5
  3269 | D:3      | HP: 2/41 [poisoned by a kobold]
  3270 | D:3      | Slain by a kobold

Illustrated notes

Levels and vault maps discovered:
D:1:      dpeg_arrival_radiant, layout_loops_corners
D:2:      minmay_door_path, layout_basic, hellmonk_ecumenical_altar_lost_god,
          minmay_misc_feat_pillars, chequers_serial_rivers_marsh,
          grunt_decor_arrowhead
D:3:      layout_basic, mainiacjoe_overflow_brackets, uniq_terence

Skill      XL: |  1  2  3  4  5 |
---------------+----------------+-----
Dodging        | 3 |  3.7
Long Blades    | 3 |  3.9
Armour         | 1 2 |  2.1
Stealth        | 1 |  1.1
Fighting       | 3 |  3.3
Throwing       | |  1.7
Shields        | |  0.4

Action                   |  1- 3 |  4- 6 || total
-------------------------+-------+-------++-------
Melee: Long sword        |   130 |    55 ||   185
       Tailslap          |    11 |     6 ||    17
Throw: Throwing net      |     3 |     1 ||     4
  Use: Scroll            |     5 |       ||     5
       Potion            |       |     2 ||     2
 Stab: Sleeping          |     5 |       ||     5
Armor: Leather armour    |    41 |    16 ||    57
Dodge: Dodged            |   111 |    38 ||   149
Block: Other             |    12 |    12 ||    24
       Reflection        |     1 |       ||     1

Table legend: (Time is in decaauts)
 A = Elapsed time spent in this place.
 B = Non-inter-level travel time spent in this place.
 C = Inter-level travel time spent in this place.
 D = Time resting spent in this place.
 E = Time spent auto-exploring this place.
 F = Levels seen in this place.
 G = Mean time per level.
                   A        B        C        D        E       F      G
               +--------+--------+--------+--------+--------+-----+--------+
         Total |   3315 |   3248 |     67 |      0 |   2770 |   3 | 1105.0 |
       Dungeon |   3315 |   3248 |     67 |      0 |   2770 |   3 | 1105.0 |
               +--------+--------+--------+--------+--------+-----+--------+

Top non-repeatable levels by time:
     D:1: 1496 daAuts
     D:2: 1358 daAuts
     D:3: 460 daAuts
